 Dungeon Crawl Stone Soup version 0.22.0-32-gbc6daba (webtiles) character file.

46 leisz the Sneak (level 3, 0/18 HPs)
             Began as a Spriggan Assassin on Aug 23, 2018.
             Succumbed to an adder's poison
             ... on level 3 of the Dungeon.
             The game lasted 00:06:05 (1597 turns).

leisz the Sneak (Spriggan Assassin)                 Turns: 1597, Time: 00:06:05

Health: 0/18       AC:  3    Str:  8    XL:     3   Next: 46%
Magic:  4/4        EV: 18    Int: 12    God:
Gold:   105        SH:  0    Dex: 17    Spells: 2/2 levels left

rFire    . . .     SeeInvis +   a - +2 dagger
rCold    . . .     Gourm    .   (shield restricted)
rNeg     . . .     Faith    .   c - +0 robe
rPois    .         Spirit   .   (helmet restricted)
rElec    .         Reflect  .   d - +0 cloak
rCorr    .         Harm     .   (gloves unavailable)
MR       .....                  (boots unavailable)
Stlth    +++.......             (no amulet)
HPRegen  0.06/turn              (no ring)
MPRegen  0.09/turn              (no ring)

@: lethally poisoned (0 -> -6), very quick
A: very small, unfitting armour, see invisible, herbivore, speed 3, slow
metabolism 2
a: no special abilities


You were on level 3 of the Dungeon.
You were not hungry.

You visited 1 branch of the dungeon, and saw 3 of its levels.

You collected 105 gold pieces.

Inventory:

Hand Weapons
 a - a +2 dagger (weapon)
 b - a +0 blowgun
Missiles
 e - 14 poisoned needles
 f - 2 curare-tipped needles
 o - 23 bolts
 p - 14 sling bullets
Armour
 c - a +0 robe (worn)
 d - a +0 cloak (worn)
 j - a +2 pair of boots
Scrolls
 h - a scroll of remove curse {unknown}
 i - a scroll of random uselessness {unknown}
 k - a scroll of identify {unknown}
 l - a scroll of teleportation {unknown}
Potions
 m - 2 potions of lignification {unknown}
 n - 3 potions of might {unknown}
 q - a potion of brilliance {unknown}
Comestibles
 g - 6 rations


   Skills:
 + Level 2.0 Fighting
 + Level 2.7 Short Blades
 + Level 2.4 Throwing
 + Level 2.5 Dodging
 + Level 6.3 Stealth


You had 2 spell levels left.
You didn't know any spells.
Your spell library was empty.

Dungeon Overview and Level Annotations

Branches:
Dungeon (3/15)

Altars:
Ru


Innate Abilities, Weirdness & Mutations

You are very small and have problems with some larger weapons.
You are too small for most types of armour.
You have supernaturally acute eyesight. (SInv)
You are a herbivore.
You cover ground extremely quickly.
You need to consume almost no food.


Message History

* * * LOW HITPOINT WARNING * * *
You are lethally poisoned!
The adder poisons you!
You closely miss the adder.
The adder is heavily wounded.
* * * LOW HITPOINT WARNING * * *
You feel sick. The adder bites you but does no damage.
You closely miss the adder.
The adder is heavily wounded.
The adder completely misses you.
You barely miss the adder.
The adder is heavily wounded.
* * * LOW HITPOINT WARNING * * *
You feel sick. The adder completely misses you.
You miss the adder.
The adder is heavily wounded.
The adder misses you.
You hit the adder.
The adder is almost dead.
You die...

..# #.# #.# #.# #.###.#
#.....# ####..#####
####......# #....####.#
#..######.#...# #.#
#?....@..#.#.###.#
#....S...#.#.#...#
#........#.#.#.########
#...####...#.#.........
#...########.#########.
##...........# ####.
#...#......## #....
#..........# #.###
##.........#######.#


You could see an adder.

Vanquished Creatures
  An adder (D:3)
  A leopard gecko (D:2)
  2 bats (D:2)
  3 giant cockroaches (D:1)
  5 goblins
  7 hobgoblins
  3 jackals (D:3)
  A quokka (D:2)
  A ball python (D:2)
  2 frilled lizards (D:1)
  2 kobolds (D:1)
  3 rats
31 creatures vanquished.

Notes
Turn   | Place    | Note
-------+----------+-------------------------------------------
     0 | D:1      | leisz the Spriggan Assassin began the quest for the Orb.
     0 | D:1      | Reached XP level 1. HP: 10/10 MP: 2/2
   166 | D:1      | Reached skill level 6 in Stealth
   193 | D:1      | Reached XP level 2. HP: 14/15 MP: 3/3
   825 | D:2      | Found a sacrificial altar of Ru.
  1160 | D:2      | Reached XP level 3. HP: 18/18 MP: 4/4
  1597 | D:3      | Succumbed to an adder's poison

Skill      XL: |  1  2  3 |
---------------+----------+-----
Stealth        | 6 |  6.3
Dodging        | 2 |  2.5
Fighting       | 2 |  2.0
Short Blades   | |  2.7
Throwing       | |  2.4

Action                   || total
-------------------------++-------
Melee: Dagger            ||   120
 Fire: Blowgun           ||     8
 Stab: Sleeping          ||    10
Armor: Robe              ||    12
Dodge: Dodged            ||   104
